 Dungeon Crawl Stone Soup version 0.29.0-5-ge4962eb29e (webtiles) character file.

Game seed: 3158533386809597844

947 testman the Purveyor of Pain (level 7, -3/46 HPs)
             Began as a Demonspawn Necromancer on Aug 29, 2022.
             Was an Initiate of Kikubaaqudgha.
             Slain by a wraith (9 damage)
             ... on level 4 of the Dungeon.
             The game lasted 00:33:33 (6848 turns).

testman the Purveyor of Pain (DsNe)                 Turns: 6848, Time: 00:33:34

Health: -3/46      AC: 11    Str:  9    XL:     7   Next: 89%
Magic:  21/21      EV: 11    Int: 18    God:    Kikubaaqudgha [......]
Gold:   249        SH:  3    Dex: 13    Spells: 2/12 levels left

rFire   . . .      SeeInvis .   p - +3 spear (pain)
rCold   . . .      Faith    .   C - +0 buckler
rNeg    . . .      Spirit   .   j - +2 robe {Archmagi}
rPois   .          Reflect  .   q - +1 helmet
rElec   .          Harm     .   (no cloak)
rCorr   .          Rampage  .   o - +1 pair of gloves
Will    .....      Archmagi +   v - +0 pair of boots
Stlth   ++........              g - amulet of magic regeneration
HPRegen 0.15/turn               s - ring of magical power
MPRegen 0.57/turn               w - +4 ring of slaying

@: slowed, very slow
A: slimy green scales 1, foul stench 2, demonic magic 1, evolution 1
a: Renounce Religion


You were on level 4 of the Dungeon.
You worshipped Kikubaaqudgha.
Kikubaaqudgha was noncommittal.
You visited 2 branches of the dungeon, and saw 6 of its levels.

You collected 264 gold pieces.
You spent 15 gold pieces at shops.

Inventory:

Hand Weapons
 d - a +0 dagger
 p - a +3 spear of pain (weapon)
 y - a +2 dagger of protection
Missiles
 e - 5 curare-tipped darts
 n - 10 poisoned darts
Armour
 a - a +0 robe
 j - a +2 robe of the Archmagi (worn)
 o - a +1 pair of gloves (worn)
 q - a +1 helmet (worn)
 v - a +0 pair of boots (worn)
 C - a +0 buckler (worn)
Jewellery
 g - an amulet of magic regeneration (around neck)
 s - a ring of magical power (left hand)
 w - a +4 ring of slaying (right hand)
 B - a ring of positive energy
Scrolls
 f - a scroll of enchant weapon
 l - 4 scrolls of identify
Potions
 b - a potion of magic
 c - a potion of invisibility {unknown}
 h - 3 potions of curing
 t - a potion of ambrosia {unknown}
 u - a potion of cancellation {unknown}
 A - a potion of might {unknown}


   Skills:
 - Level 1.7 Dodging
 - Level 1.7 Stealth
 + Level 3.3 Spellcasting
 + Level 10.3 Necromancy
 + Level 0.0 Translocations


You had 2 spell levels left.
You knew the following spells:

 Your Spells              Type           Power      Damage    Failure   Level
a - Necrotise             Necr           100%       1d9       1%          1
b - Vampiric Draining     Necr           57%        2d10      1%          3
c - Animate Dead          Necr           57%        N/A       3%          4
d - Blink                 Tloc           8%         N/A       32%         2

Your spell library contained the following spells:

 Spells                   Type           Power      Damage    Failure   Level
 Agony                    Necr           57%        N/A       9%          5
 Iskenderun's Battlesphe  Conj           4%         2d6       99%         5
 Manifold Assault         Tloc           4%         N/A       99%         5
 Dispersal                Tloc           2%         N/A       100%        6
 Iron Shot                Conj/Erth      2%         9d2       100%        6
 Spellforged Servitor     Conj/Summ      2%         N/A       100%        7
 Storm Form               Tmut/Air       2%         N/A       100%        7
 Borgnjor's Revivificati  Necr           28%        N/A       100%        8
 Disjunction              Tloc           2%         N/A       100%        8
 Necromutation            Tmut/Necr      16%        N/A       100%        8
 Death's Door             Necr           28%        N/A       100%        9


Dungeon Overview and Level Annotations

Branches:
Dungeon (5/15)             Temple (1/1) D:4

Altars:
Ashenzari
Cheibriados
Dithmenos
Gozag
Hepliaklqana
Kikubaaqudgha
Nemelex Xobeh
Okawaru
Qazlal
Trog
Uskayaw
Xom

Shops:
D:1 (   D:5 !


Innate Abilities, Weirdness & Mutations

You are partially covered in slimy green scales. (AC +2)
You sometimes emit foul miasma when damaged in melee.
Spells you cast may paralyse adjacent enemies.
You have hidden genetic potential.


Message History

You hit the wraith.
The wraith is heavily damaged.
The wraith closely misses you.
You puncture the wraith!
The wraith is severely damaged.
You block the wraith's attack. The wraith completely misses you.
You hit the wraith.
The wraith is severely damaged.
The wraith misses you. The wraith hits you. The wraith drains your vigour!
You feel as though you will be slow longer.
You hit the wraith but do no damage.
The wraith is severely damaged.
The wraith closely misses you. You block the wraith's attack.
You hit the wraith.
The wraith is almost destroyed.
The wraith hits you but does no damage.
You hit the wraith.
The wraith is almost destroyed.
The wraith closely misses you. You block the wraith's attack.
You hit the wraith but do no damage.
The wraith is almost destroyed.
The wraith barely misses you. The wraith hits you.
* * * LOW HITPOINT WARNING * * *
You hit the wraith.
The wraith is almost destroyed.
The wraith completely misses you.
You closely miss the wraith.
The wraith is almost destroyed.
The wraith hits you.
* * * LOW HITPOINT WARNING * * *
The wraith hits you.
* * * LOW HITPOINT WARNING * * *
The wraith drains your vigour!
You feel as though you will be slow longer.
You emit a cloud of foul miasma!
You hit the wraith but do no damage.
The wraith is almost destroyed.
The wraith hits you!
You die...
Kikubaaqudgha rasps: "You have failed me!
Welcome... death!"

########### #.........##
##..#...##..# #....#.#..#.##
########### #.#..#....#..###
#.........# #..##....#.....#
#.........#
###.....>.....##.####.........#
.....#....##..##..............#
....#....#..#..#@.)...........#
....#..#.#.....+W.....>...#####
.....##...#..###.......##.#
####............##...)..#.#
########'######.##.###..#.# ....#
#.# #...........# ###.####.#
#######.#..###### .[....<#.#
#.<.............#
###.##.#.##########.#..##..[#####


You could see a wraith.

Vanquished Creatures
  An acid dragon (D:5)
  The ghost of Strat the Digger, an amateur MeEE (D:5)
  A gnoll sergeant (D:3)
  2 scorpions
  3 hounds
  An iguana (D:5)
  4 orc wizards
  Robin (D:3)
  6 gnolls
  14 adders
  A white imp (D:5)
  An ufetubus (D:5)
  A worm (D:3)
  3 dart slugs (D:2)
  8 orcs
  5 bats
  4 endoplasms
  A giant cockroach (D:1)
  12 goblins
  9 hobgoblins
  2 jackals (D:1)
  7 kobolds
  A quokka (D:2)
  13 ball pythons
  4 frilled lizards
  4 rats
110 creatures vanquished.

Vanquished Creatures (collateral kills)
  An orc wizard (D:4)
  A scorpion zombie (D:4)
  2 gnolls
  An adder (D:2)
  A worm (D:4)
  A ball python (D:2)
  2 hobgoblins
  A jackal (D:1)
  2 rats
12 creatures vanquished.

Vanquished Creatures (others)
  An adder zombie (D:5)
  2 orc zombies (D:5)
  2 fungi (D:1)
  4 plants (D:1)
9 creatures vanquished.

Grand Total: 131 creatures vanquished

Notes
Turn   | Place    | Note
-------+----------+-------------------------------------------
     0 | D:1      | testman the Demonspawn Necromancer began the quest for the
                  | Orb.
     0 | D:1      | Reached XP level 1. HP: 13/13 MP: 3/3
   187 | D:1      | Found a faded altar of an unknown god.
   203 | D:1      | Gained mutation: You may rarely emit foul miasma when
                  | damaged in melee. [demonic ancestry]
   203 | D:1      | Reached XP level 2. HP: 16/19 MP: 0/5
   369 | D:1      | Reached skill level 5 in Necromancy
   770 | D:1      | Found Ylires's Weapon Emporium.
   882 | D:2      | Gained mutation: You are partially covered in slimy green
                  | scales. (AC +2) [demonic ancestry]
   882 | D:2      | Reached XP level 3. HP: 24/24 MP: 4/6
   886 | D:2      | Learned a level 3 spell: Vampiric Draining
  1490 | D:2      | Reached XP level 4. HP: 28/30 MP: 8/8
  1495 | D:2      | Learned a level 4 spell: Animate Dead
  1719 | D:2      | Reached skill level 6 in Necromancy
  2287 | D:3      | Gained mutation: You sometimes emit foul miasma when
                  | damaged in melee. [demonic ancestry]
  2287 | D:3      | Reached XP level 5. HP: 28/35 MP: 5/9
  2741 | D:3      | Reached skill level 7 in Necromancy
  2963 | D:3      | Noticed Robin
  2975 | D:3      | Gained mutation: Spells you cast may paralyse adjacent
                  | enemies. [demonic ancestry]
  2975 | D:3      | Reached XP level 6. HP: 23/41 MP: 6/10
  2983 | D:3      | Killed Robin
  3458 | D:4      | Found an iron altar of Okawaru.
  3461 | D:4      | Found an opulent altar of Gozag.
  3474 | D:4      | Found a stormy altar of Qazlal.
  3477 | D:4      | Found a bloodstained altar of Trog.
  3517 | D:4      | Reached skill level 8 in Necromancy
  3802 | D:4      | Found a staircase to the Ecumenical Temple.
  3872 | Temple   | Entered the Ecumenical Temple
  4064 | Temple   | Became a worshipper of Kikubaaqudgha
  4414 | D:5      | Entered Level 5 of the Dungeon
  4439 | D:5      | Reached XP level 7. HP: 46/46 MP: 11/11
  4465 | D:5      | Reached skill level 9 in Necromancy
  4787 | D:5      | Found a hazy altar of Hepliaklqana.
  5264 | D:5      | Found a runed translucent door.
  5266 | D:5      | Noticed Strat's ghost (amateur MeEE)
  5305 | D:5      | Killed Strat's ghost
  5306 | D:5      | Reached skill level 10 in Necromancy
  5767 | D:5      | Found Watorcho's Distillery.
  5775 | D:5      | Bought a potion of degeneration for 15 gold pieces
  6023 | D:5      | Noticed a wraith
  6036 | D:5      | Gained mutation: You have hidden genetic potential. [potion
                  | of mutation]
  6393 | D:4      | Learned a level 2 spell: Blink
  6848 | D:4      | Slain by a wraith

Illustrated notes

Levels and vault maps discovered:
D:1:      lightli_arrival_statue_moat, layout_rooms, serial_shops,
          nicolae_shop_competitors_out_of_business,
          shapermc_ecumenical_altar_gd, dk_noncrumbling_2,
          chequers_serial_rivers_micro_d
D:2:      layout_loops_ring, hex_medium, minmay_snake_closets
D:3:      layout_rooms, uniq_robin
D:4:      layout_basic, grunt_temple_overflow_cloverleaf,
          minmay_temple_entry_mini_moons
D:5:      layout_layer_cave, lemuel_crystal_altar, serial_shops, shop,
          gammafunk_ghost_grave, minmay_small_thing, uniq_sigmund
Temple:   hellmonk_temple_flake

Skill      XL: |  1  2  3  4  5  6  7 |
---------------+----------------------+-----
Necromancy     | 5 6 7 8 10 | 10.3
Spellcasting   | 3 |  3.3
Dodging        | |  1.7
Stealth        | |  1.7

Action                   |  1- 3 |  4- 6 |  7- 9 || total
-------------------------+-------+-------+-------++-------
Melee: Dagger            |    77 |    66 |       ||   143
       Punch             |     1 |     1 |       ||     2
       Unarmed           |     1 |       |       ||     1
       Spear             |       |    76 |   104 ||   180
 Cast: Necrotise         |    31 |    41 |     5 ||    77
       Vampiric Draining |     1 |    15 |     3 ||    19
       Animate Dead      |       |     4 |     2 ||     6
       Blink             |       |       |     1 ||     1
  Use: Scroll            |       |       |     8 ||     8
       Potion            |       |       |     7 ||     7
 Stab: Sleeping          |     9 |     6 |     2 ||    17
       Paralysed         |       |     5 |       ||     5
       Distracted        |       |     1 |       ||     1
Armor: Robe              |    25 |    58 |    32 ||   115
Dodge: Dodged            |    69 |    98 |    61 ||   228
Block: Buckler           |       |       |     6 ||     6
